Unix NetHack Version 3.7.0-88 Work-in-progress - last build Aug 6 2023 13:40:22 (5c9c4c7fffe0d5f0a8b1342c2a36a56ed743986a,branch:master). Game began 2023-08-18 01:40:21, ended 2023-08-18 02:15:27. joeljoel, chaotic female elven Wizard ----- ------- |...| |.....| #-...| |.....| #|...| #-.....| #-...| #-----|- #####--.-- # # ----------- # # ## ### ### |..........######*################################### # # # |...*.....| ------- ####### ## # # --.-- |.......*.-#### |[....|#### ----|---------- # ) # |...| -------.--- # |.....|# ###..............| # afa######*|...| ##### ###|....(.### |.............-### -@--- # *....| # #-.)...|# |.............| |...| # ----- ## |.....|# |.............| |...| # # |.....|# |.............| |...|## ## -------# --------------- |>..|# ############ |...|# |...-# ----- Joeljoel the Conjurer St:13 Dx:9 Co:16 In:20 Wi:8 Ch:9 Chaotic S:1330 Dlvl:3 $:0 HP:0(40) Pw:51(72) AC:8 Xp:5/295 T:2892 Latest messages: The giant ant bites! In what direction? u The dagger hits the giant ant. The giant ant bites! The kitten misses the giant ant. The kitten misses the giant ant. In what direction? u The dagger misses the giant ant. The giant ant bites! The kitten misses the giant ant. The giant ant bites! The kitten bites the giant ant. The giant ant misses the kitten. In what direction? u The dagger misses the giant ant. The giant ant bites! The kitten misses the giant ant. In what direction? u The dagger misses the giant ant. The giant ant bites! The kitten misses the giant ant. The giant ant bites! The kitten misses the giant ant. The kitten misses the giant ant. The giant ant bites! The kitten misses the giant ant. In what direction? y The dagger hits the giant ant. The giant ant bites! The kitten misses the giant ant. In what direction? y The dagger hits the giant ant. The giant ant bites! The kitten misses the giant ant. The giant ant bites! You have no ammunition readied. What do you want to fire? [- V or ?*] Never mind. In what direction? y The spell misses the giant ant. The giant ant bites! The kitten misses the giant ant. The giant ant bites! The giant ant bites! You die... Do you want your possessions identified? [ynq] (y) y Do you want to see your attributes? [ynq] (y) y Do you want an account of creatures vanquished? [ynaq] (y) y Do you want to see your conduct and achievements? [ynq] (y) y Do you want to see the dungeon overview? [ynq] (y) y Inventory: Weapons V - a blessed +0 elven dagger a - a blessed +1 quarterstaff (weapon in hands) Armor K - an uncursed +0 pair of kicking boots (being worn) b - an uncursed +0 cloak of magic resistance (being worn) Comestibles y - 3 uncursed food rations v - an uncursed tripe ration Scrolls T - a cursed scroll of destroy armor t - a blessed scroll of earth p - an uncursed scroll of enchant armor O - an uncursed scroll of enchant weapon j - an uncursed scroll of identify w - 2 uncursed scrolls of identify k - an uncursed scroll of light I - an uncursed scroll of magic mapping Spellbooks m - an uncursed spellbook of detect unseen l - a blessed spellbook of force bolt A - an uncursed spellbook of knock Potions h - a blessed potion of confusion f - an uncursed potion of gain ability r - 2 uncursed potions of hallucination J - an uncursed potion of levitation z - an uncursed potion of paralysis g - a blessed potion of sleeping L - an uncursed potion of sleeping M - an uncursed potion of water Rings e - an uncursed ring of conflict d - an uncursed ring of teleportation Wands s - a wand of cold (0:4) c - a wand of polymorph (0:8) Tools n - an uncursed wooden flute S - a +0 pick-axe P - an uncursed tallow candle Gems/Stones D - 2 uncursed worthless pieces of green glass B - an uncursed worthless piece of red glass U - an uncursed worthless piece of white glass Joeljoel the Wizard's attributes: Background: You were a Conjurer, a level 5 female elven Wizard. You were chaotic, on a mission for Anhur who was opposed by Ptah (lawful) and Thoth (neutral). You were in the Dungeons of Doom, on level 3. You entered the dungeon 2892 turns ago. It was nighttime. There was a new moon in effect when your adventure ended. You had 295 experience points, 25 more were needed to attain level 6. Your score was 1330 before end-of-game adjustments. Basics: You had 0 out of 40 hit points. You had 51 out of 72 energy points (spell power). Your armor class was 8. Your wallet was empty. Autopickup was off. Final Characteristics: Your strength was 13 (limit:18). Your dexterity was 9 (limit:18). Your constitution was 16 (limit:16). Your intelligence was 20 (limit:20). Your wisdom was 8 (limit:20). Your charisma was 9 (limit:18). Final Status: You were not hungry. You were unencumbered. You were wielding a quarterstaff. You had basic skill with quarterstaff. Final Attributes: You were piously aligned. You were magic-protected. You were sleep resistant. You had infravision. You were warded. You are dead. Miscellaneous: You never encountered a bones level. Total elapsed playing time was 35 minutes and 3 seconds. Major events: Turn 1: joeljoel the chaotic female elven Wizard entered the dungeon 754: attained the rank of Conjurer (level 3) 1163: entered the Gnomish Mines 2892: killed by a giant ant Vanquished creatures: a small mimic a pony 2 gnome leaders a gnomish wizard a giant ant a little dog 3 dwarves a kobold leader a giant bat an acid blob a gas spore a hobbit a cave spider 2 yellow molds a green mold 8 gnomes 4 garter snakes a gecko 6 jackals 3 foxes a kobold 3 goblins 3 grid bugs 2 bats 2 lichens 2 kobold zombies 4 newts 58 creatures vanquished. No species were genocided or became extinct. Voluntary challenges: You read items or engraved 3 times. You never engraved Elbereth. You never genocided any monsters. You never polymorphed an object. You never changed form. You used no wishes. Achievements: You attained the rank of Conjurer. You entered the Gnomish Mines. You entered a shop. The Dungeons of Doom: levels 1 to 4 Level 1: A fountain. Level 2: A general store, a sink. Stairs down to The Gnomish Mines. Level 3: <- You were here. Final resting place for you, killed by a giant ant. Level 4: The Gnomish Mines: levels 3 to 4 Level 3: Level 4: Game over: ---------- / \ / REST \ / IN \ / PEACE \ / \ | joeljoel | | 0 Au | | killed by a | | giant ant | | | | | | 2023 | *| * * * | * _________)/\\_//(\/(/\)/\//\/|_)_______ Goodbye joeljoel the Wizard... You died in The Dungeons of Doom on dungeon level 3 with 1330 points, and 0 pieces of gold, after 2892 moves. You were level 5 with a maximum of 40 hit points when you died.